 Dungeon Crawl Stone Soup version 0.30.0-10-gfe55d96785 (webtiles) character file.

Game seed: 1306163943160664142

21 Firecrotchwizard the Chopper (level 2, -2/27 HPs)
             Began as a Hill Orc Monk on May 15, 2023.
             Splashed by a jelly's acid (3 damage)
             ... on level 3 of the Dungeon.
             The game lasted 00:00:57 (523 turns).

Firecrotchwizard the Chopper (Hill Orc Monk)         Turns: 523, Time: 00:00:58

Health: -2/27      AC:  2    Str: 13    XL:     2   Next: 83%
Magic:  2/2        EV: 12    Int: 10    God:
Gold:   37         SH:  0    Dex: 13    Spells: 1/1 levels left

rFire   . . .        a - +0 hand axe
rCold   . . .        d - orb {light}
rNeg    . . .        b - +0 robe
rPois   .            (no helmet)
rElec   .            (no cloak)
rCorr   .            (no gloves)
SInv    .            (no boots)
Will    .....        (no amulet)
Stlth   +            (no ring)
HPRegen 0.24/turn    (no ring)
MPRegen 0.08/turn

%: no passive effects
@: glowing
A: no striking features
a: no special abilities


You were on level 3 of the Dungeon.
You visited 1 branch of the dungeon, and saw 3 of its levels.

You collected 37 gold pieces.

Inventory:

Hand Weapons
 a - a +0 hand axe (weapon)
Armour
 b - a +0 robe (worn)
 d - an orb of light (worn)
 f - a +0 plate armour
Wands
 h - a wand of mindburst (23)
Scrolls
 e - a scroll of noise {unknown}
 j - a scroll of blinking {unknown}
Potions
 c - a potion of ambrosia
 g - a potion of heal wounds {unknown}
 i - a potion of attraction {unknown}


   Skills:
 + Level 3.9 Fighting
 * Level 4.7 Axes
 + Level 1.1 Armour
 - Level 2.4 Dodging


You had one spell level left.
You didn't know any spells.
Your spell library contained the following spells:

 Spells                   Type           Power      Damage    Failure   Level
 Manifold Assault         Tloc           0%         N/A       98%         4
 Dispersal                Tloc           0%         N/A       100%        6
 Disjunction              Tloc           0%         N/A       100%        8


Dungeon Overview and Level Annotations

Branches:
Dungeon (3/15)

Altars:


Message History

You hit the hobgoblin.
You kill the hobgoblin!
Your Armour skill increases to level 1!
No target in view!
You see here a hobgoblin corpse.
You now have 27 gold pieces (gained 8).
A hobgoblin comes into view.
The hobgoblin shouts!
A bat comes into view.
Found an emerald potion.
The bat barely misses you.
You hit the bat.
You kill the bat!
The hobgoblin hits you but does no damage.
You hit the hobgoblin.
The hobgoblin is almost dead.
The hobgoblin barely misses you.
You hit the hobgoblin.
You kill the hobgoblin!
No target in view!
i - an emerald potion
Found an escape hatch in the ceiling.
An orc comes into view. It is wielding a +0 hand axe.
Found a scroll labelled MUSAZOMONE.
The orc shouts!
The orc moves out of view.
Found 3 stones.
An orc is nearby!
The orc hits you with a +0 hand axe.
You hit the orc.
The orc is moderately wounded.
The orc completely misses you.
You hit the orc.
The orc is severely wounded.
The orc barely misses you.
You barely miss the orc.
The orc is severely wounded.
The orc hits you with a +0 hand axe.
You hit the orc.
You kill the orc!
No target in view!
j - a scroll labelled MUSAZOMONE
There is an escape hatch in the ceiling here.
You now have 37 gold pieces (gained 10).
A kobold comes into view. It is wielding a +0 dagger.
The kobold shouts!
You hit the kobold but do no damage. The kobold closely misses you.
You hit the kobold.
The kobold is moderately wounded.
The kobold misses you.
You closely miss the kobold.
The kobold is moderately wounded.
The kobold hits you with a +0 dagger.
You hit the kobold but do no damage.
The kobold is moderately wounded.
The kobold hits you with a +0 dagger.
You hit the kobold.
The kobold is severely wounded.
The kobold closely misses you.
You barely miss the kobold.
The kobold is severely wounded.
The kobold hits you with a +0 dagger.
You hit the kobold but do no damage.
The kobold is severely wounded.
The kobold closely misses you.
You hit the kobold.
You kill the kobold!
No target in view!
Things that are here:
a +0 dagger; a kobold corpse
There is a stone staircase leading up here.
You see here a frilled lizard skeleton.
You see here 3 stones.
Things that are here:
a +0 hand axe; 3 boomerangs; an orc corpse A jelly comes into view.
The jelly quivers.
You hit the jelly but do no damage.
Your hands burn!
The jelly closely misses you.
You hit the jelly.
Your hands burn!
The jelly is lightly wounded.
The jelly closely misses you.
You hit the jelly but do no damage.
Your hands burn!
The jelly is lightly wounded.
The jelly hits you.
You are splashed with acid!
* * * LOW HITPOINT WARNING * * *
You hit the jelly.
Your hands burn!
* * * LOW HITPOINT WARNING * * *
The jelly is lightly wounded.
The jelly hits you but does no damage. x2
You hit the jelly.
Your hands burn!
* * * LOW HITPOINT WARNING * * *
The jelly is moderately wounded.
The jelly barely misses you.
You hit the jelly.
Your hands burn!
* * * LOW HITPOINT WARNING * * *
The jelly is moderately wounded.
The jelly closely misses you.
You hit the jelly.
Your hands burn!
You die...

#.. #.# #.# #.# ..
..# .## #.# ..##
#J# ...# #######@#
..## #.......#
...#### #.#######
....#.####...#
.......#.#.#.#
...........#.#
.......#.#.#.######
....#.####....#...#
...#### #.........#


You could see a jelly.

Vanquished Creatures
  A worm (D:3)
  An orc (D:3)
  An endoplasm (D:1)
  2 goblins
  4 hobgoblins
  A kobold (D:3)
  A ball python (D:1)
  3 bats (D:3)
  A frilled lizard (D:3)
15 creatures vanquished.

Notes
Turn   | Place    | Note
-------+----------+-------------------------------------------
     0 | D:1      | Firecrotchwizard the Hill Orc Monk began the quest for the
                  | Orb.
     0 | D:1      | Reached XP level 1. HP: 19/19 MP: 1/1
    77 | D:3      | Reached XP level 2. HP: 26/27 MP: 2/2
   233 | D:3      | Reached skill level 1 in Armour
   522 | D:3      | HP: 1/27 [acid (3)]
   523 | D:3      | Splashed by a jelly's acid

Illustrated notes

Levels and vault maps discovered:
D:1:      shiori_arrival_oz, layout_rooms
D:2:      layout_loops_cross, basic_ecumenical_altar, nrook_campfire,
          minmay_tetromino_i2, uniq_crazy_yiuf_cottage
D:3:      minmay_thinvault, layout_loops_ring,
          yredelemnul_forgotten_temple_becter, marbit_many_paths,
          nicolae_figureground_sparkle, uniq_natasha

Skill      XL: |  1  2 |
---------------+-------+-----
Armour         | 1 |  1.1
Fighting       | |  3.9
Axes           | |  4.7
Dodging        | |  2.4

Action                     || total
---------------------------++-------
  Melee: Hand axe          ||    56
 Armour: Robe              ||    10
  Dodge: Dodged            ||    31
